 Dungeon Sprint DCSS version 0.29-a0-356-g7bc237e783 (webtiles) character file.

Game seed: 814510604999276444

4085 Zeldest the Brawler (level 10, -8/107 HPs)
             Began as a Troll Monk on Apr 25, 2022.
             Was a Priest of Jiyva.
             Mangled by a six-headed hydra (9 damage)
             ... in the Dungeon (Sprint IX: "|||||||||||||||||||||||||||||").
             The game lasted 00:07:08 (409 turns).

Zeldest the Brawler (Troll Monk)                     Turns: 409, Time: 00:07:09

Health: -8/107     AC: 11    Str: 24 (25) XL:     10   Next: 5%
Magic:  9/9        EV: 16    Int:  6      God:    Jiyva [***...]
Gold:   0          SH:  0    Dex: 15      Spells: 9/9 levels left

rFire   . . .      SeeInvis +     - Unarmed
rCold   . . .      Faith    .   (no shield)
rNeg    . . .      Spirit   .   g - +2 troll leather armour
rPois   +          Reflect  .   (helmet restricted)
rElec   .          Harm     .   (no cloak)
rCorr   +          Rampage  .   (gloves unavailable)
Will    .....      NoTele   +   (boots unavailable)
Stlth   +.........              (no amulet)
HPRegen 2.99/turn               k - +2 ring of evasion
MPRegen 0.46/turn               l - +3 ring of dexterity

@: lethally poisoned (-8 -> -9)
A: large, unfitting armour, claws 3, regeneration 1, shaggy fur 1, tough skin 1,
iridescent scales 1, see invisible, deterioration 1, poison resistance
a: Renounce Religion, Oozemancy


You were in the Dungeon.
You worshipped Jiyva.
Jiyva was most pleased with you.
You visited 1 branch

Inventory:

Armour
 a - a +0 robe
 g - a +2 troll leather armour (worn)
Jewellery
 k - a +2 ring of evasion (left claw)
 l - a +3 ring of dexterity (right claw)
Wands
 j - a wand of iceblast (9)
Scrolls
 i - 2 scrolls of amnesia
 n - 2 scrolls of fog
Potions
 b - a potion of ambrosia
 c - 7 potions of curing
 e - 2 potions of brilliance
 f - 4 potions of magic


   Skills:
 + Level 9.4 Fighting
 + Level 9.0 Armour
 + Level 9.4 Dodging
 - Level 1.0 Stealth
 * Level 15.2 Unarmed Combat


You had 9 spell levels left.
You didn't know any spells.
Your spell library was empty.

Dungeon Overview and Level Annotations

Branches:
Dungeon (1/1)

Altars:
Cheibriados
Dithmenos
Elyvilon
Fedhas
Gozag
Hepliaklqana
Kikubaaqudgha
Makhleb
Nemelex Xobeh
Okawaru
Qazlal
Ru
Sif Muna
Trog
Uskayaw
Vehumet
Wu Jian
Xom
Yredelemnul
Zin
The Shining One
Beogh
Jiyva
Lugonu


Innate Abilities, Weirdness & Mutations

You are too large for most types of armour.
You have claws for hands.
Your natural rate of healing is unusually fast.
You are covered in fur. (AC +1)
You have tough skin. (AC +1)
You are partially covered in iridescent scales. (AC +2)
You have supernaturally acute eyesight. (SInv)
Your body sometimes deteriorates upon taking damage.
Your system is resistant to poisons. (rPois)


Message History

The four-headed hydra misses you. The four-headed hydra bites you!
You mangle the cane toad!!
You kill the cane toad!
You feel very sick.
You feel your intelligence returning.
Your Armour skill increases to level 9!
Your Unarmed Combat skill increases to level 15!
You have reached level 10!
Okay, then.
You barely miss the five-headed hydra.
You feel very sick.
The four-headed hydra bites you but does no damage.
The four-headed hydra bites you!
The four-headed hydra barely misses you.
The four-headed hydra bites you!
The five-headed hydra bites you but does no damage.
The five-headed hydra bites you!
* * * LOW HITPOINT WARNING * * *
The five-headed hydra bites you!
* * * LOW HITPOINT WARNING * * *
The five-headed hydra bites you!
* * * LOW HITPOINT WARNING * * *
Your body deteriorates!
You feel weakened.
The five-headed hydra bites you but does no damage.
You claw one of the five-headed hydra's heads off!
The four-headed hydra grows two more!
You mangle the six-headed hydra!!
The six-headed hydra is moderately wounded.
You feel very sick.
You hear a roar!
The four-headed hydra barely misses you.
The four-headed hydra bites you.
* * * LOW HITPOINT WARNING * * *
The four-headed hydra bites you but does no damage. x2
The six-headed hydra closely misses you.
The six-headed hydra barely misses you.
The six-headed hydra completely misses you.
The six-headed hydra closely misses you.
The six-headed hydra bites you but does no damage.
The six-headed hydra bites you!
You die...

▓▓▓▓▓▓▓▓▓▓▓▓▓▓▓▓▓▓▓▓▓▓▓▓▓▓▓▓▓▓▓▓▓
.'________________________'..)B[[
▓▓▓▓▓▓▓▓▓▓▓▓▓▓▓▓▓▓▓▓▓▓▓▓▓▓▓▓▓▓▓▓▓
.................................
▓▓▓▓▓▓▓▓▓▓▓▓▓▓▓▓▓▓▓▓▓▓▓▓▓▓▓▓▓▓▓▓▓
S..?..'..SFFYYDD@DD§..DD
▓▓▓▓▓▓▓▓▓▓▓▓▓▓▓▓▓▓▓▓▓▓▓▓


You could see 2 seven-headed hydras, a six-headed hydra and a four-headed hydra.

Vanquished Creatures
  A boulder beetle (D)
  An ugly thing (D)
  A cyclops (D)
  2 cane toads (D)
  2 komodo dragons (D)
  2 trolls (D)
  A hornet (shapeshifter) (D)
  A wyvern (D)
  A yak (D)
  A water moccasin (D)
  2 black bears (D)
  2 ogres (D)
  A centaur (D)
  A bullfrog (D)
  A gnoll sergeant (D)
  A jelly (D)
  An iguana (D)
  2 orc wizards (D)
  An endoplasm (D)
  A goblin (D)
  A hobgoblin (D)
  A quokka (D)
  A ball python (D)
29 creatures vanquished.

Vanquished Creatures (others)
  3 slime creatures (D)
  A jelly (D)
4 creatures vanquished.

Grand Total: 33 creatures vanquished

Notes
Turn   | Place    | Note
-------+----------+-------------------------------------------
     0 | D        | Zeldest the Troll Monk began the quest for the Orb.
     0 | D        | Reached XP level 1. HP: 22/22 MP: 0/0
    19 | D        | Reached skill level 1 in Armour
    24 | D        | Noticed a black bear
    24 | D        | Noticed an iguana
    24 | D        | Noticed a jelly
    24 | D        | Noticed an ogre
    24 | D        | Noticed an ogre
    32 | D        | Killed a black bear
    33 | D        | Reached skill level 6 in Unarmed Combat
    33 | D        | Reached XP level 2. HP: 32/32 MP: 1/1
    33 | D        | Reached XP level 3. HP: 39/39 MP: 2/2
    33 | D        | Reached XP level 4. HP: 48/48 MP: 3/3
    37 | D        | Reached skill level 7 in Unarmed Combat
    37 | D        | Reached XP level 5. HP: 52/55 MP: 4/4
    38 | D        | Killed an ogre
    39 | D        | Reached skill level 5 in Fighting
    39 | D        | Reached skill level 5 in Dodging
    39 | D        | Reached skill level 8 in Unarmed Combat
    42 | D        | Killed an ogre
    43 | D        | Reached XP level 6. HP: 66/66 MP: 5/5
    48 | D        | Found a snail-covered altar of Cheibriados.
    48 | D        | Found a shadowy altar of Dithmenos.
    48 | D        | Found a white marble altar of Elyvilon.
    48 | D        | Found a blossoming altar of Fedhas.
    48 | D        | Found an opulent altar of Gozag.
    49 | D        | Found a hazy altar of Hepliaklqana.
    50 | D        | Found a viscous altar of Jiyva.
    51 | D        | Found an ancient bone altar of Kikubaaqudgha.
    52 | D        | Found a corrupted altar of Lugonu.
    53 | D        | Found a burning altar of Makhleb.
    54 | D        | Found a sparkling altar of Nemelex Xobeh.
    55 | D        | Found an iron altar of Okawaru.
    56 | D        | Found a stormy altar of Qazlal.
    57 | D        | Found a sacrificial altar of Ru.
    58 | D        | Became a worshipper of Jiyva Jifoumiw the Shapeless
    58 | D        | Reached * piety under Jiyva
    58 | D        | Reached ** piety under Jiyva
    59 | D        | Found a shimmering blue altar of Sif Muna.
    59 | D        | Killed a slime creature
    59 | D        | Killed a slime creature
    59 | D        | Killed a slime creature
    60 | D        | Found a bloodstained altar of Trog.
    61 | D        | Found a hide-covered altar of Uskayaw.
    62 | D        | Found a radiant altar of Vehumet.
    63 | D        | Found an ornate altar of the Wu Jian Council.
    64 | D        | Found a shimmering altar of Xom.
    65 | D        | Found a basalt altar of Yredelemnul.
    66 | D        | Found a glowing silver altar of Zin.
    67 | D        | Found a glowing golden altar of the Shining One.
    94 | D        | Noticed a troll
    94 | D        | Noticed a yak
    94 | D        | Noticed a troll
    97 | D        | Reached skill level 9 in Unarmed Combat
   103 | D        | Killed a troll
   104 | D        | Reached skill level 5 in Armour
   104 | D        | Reached skill level 10 in Unarmed Combat
   104 | D        | Reached XP level 7. HP: 70/75 MP: 6/6
   107 | D        | Killed a yak
   112 | D        | Reached skill level 11 in Unarmed Combat
   119 | D        | Killed a troll
   120 | D        | Reached XP level 8. HP: 39/87 MP: 7/7
   150 | D        | Noticed a queen bee
   150 | D        | Noticed a brown ugly thing
   150 | D        | Noticed a cyclops
   150 | D        | Noticed a boulder beetle
   150 | D        | Noticed a boulder beetle
   157 | D        | Noticed a cane toad
   157 | D        | a queen bee changed into a cane toad
   163 | D        | Noticed a hornet
   163 | D        | a cane toad changed into a hornet
   168 | D        | Killed a hornet
   180 | D        | Killed a brown ugly thing
   181 | D        | Reached skill level 12 in Unarmed Combat
   183 | D        | Killed a cyclops
   184 | D        | Reached skill level 13 in Unarmed Combat
   184 | D        | Reached XP level 9. HP: 68/96 MP: 8/8
   212 | D        | Killed a boulder beetle
   213 | D        | Reached skill level 14 in Unarmed Combat
   315 | D        | Gained mutation: Your body sometimes deteriorates upon
                  | taking damage. [potion of mutation]
   315 | D        | Gained mutation: You have supernaturally acute eyesight.
                  | (SInv) [potion of mutation]
   315 | D        | Gained mutation: Your system is resistant to poisons.
                  | (rPois) [potion of mutation]
   315 | D        | Gained mutation: You are partially covered in iridescent
                  | scales. (AC +2) [potion of mutation]
   318 | D        | Reached *** piety under Jiyva
   332 | D        | Noticed a cane toad
   332 | D        | Noticed a four-headed hydra
   332 | D        | Noticed a cane toad
   332 | D        | Noticed a four-headed hydra
   334 | D        | Killed a cane toad
   369 | D        | Noticed a komodo dragon
   373 | D        | Killed a komodo dragon
   391 | D        | Noticed a komodo dragon
   391 | D        | Noticed a cane toad
   398 | D        | Killed a komodo dragon
   400 | D        | Noticed a five-headed hydra
   400 | D        | Noticed a seven-headed hydra
   407 | D        | Killed a cane toad
   408 | D        | Reached skill level 15 in Unarmed Combat
   408 | D        | Reached XP level 10. HP: 57/107 MP: 9/9
   408 | D        | HP: 5/107 [five-headed hydra (13)]
   409 | D        | HP: 1/107 [four-headed hydra (3)]
   409 | D        | Mangled by a six-headed hydra

Illustrated notes

Levels and vault maps discovered:
D:        linesprint [early_d, line_temple, items_1, d_10, items_2, lair_1,
          lair_end, items_3, orc_1, orc_end, items_4, d_15, swamp_1, shoals_1,
          snake_1, spider_1, d_20, vaults_1, items_5, swamp_end, shoals_end,
          snake_end, spider_end, vaults_end, d_27, items_6, zot_1, zot_end,
          crypt_end, forest_end, elf_end, slime_end, tomb_end, abyss_end,
          pan_hell_end]

Skill      XL: |  1  2  3  4  5  6  7  8  9 |
---------------+----------------------------+-----
Armour         | 3 4 5 6 7 9 |  9.0
Fighting       | 4 5 6 7 8 9 |  9.4
Dodging        | 4 5 6 7 8 9 |  9.4
Unarmed Combat | 6 7 8 10 11 13 15 | 15.2
Stealth        | |  1.0

Action                   |  1- 3 |  4- 6 |  7- 9 | 10-12 || total
-------------------------+-------+-------+-------+-------++-------
Melee: Unarmed           |    21 |    14 |    89 |     2 ||   126
       Punch             |       |     1 |     6 |       ||     7
Evoke: Wand              |       |       |     1 |       ||     1
  Use: Potion            |     1 |     1 |     5 |       ||     7
       Scroll            |       |       |     6 |       ||     6
 Stab: Invisible         |       |     2 |     4 |       ||     6
       Sleeping          |       |     1 |       |       ||     1
Armor: Robe              |    10 |       |     2 |       ||    12
       Troll leather arm |       |       |    28 |     6 ||    34
Dodge: Dodged            |     4 |     9 |    72 |     6 ||    91

Table legend: (Time is in decaauts)
 A = Elapsed time spent in this place.
 B = Non-inter-level travel time spent in this place.
 C = Inter-level travel time spent in this place.
 D = Time resting spent in this place.
 E = Time spent auto-exploring this place.
 F = Levels seen in this place.
 G = Mean time per level.
                   A        B        C        D        E       F      G
               +--------+--------+--------+--------+--------+-----+--------+
         Total |    373 |    373 |      0 |      0 |      0 |   1 |  373.0 |
       Dungeon |    373 |    373 |      0 |      0 |      0 |   1 |  373.0 |
               +--------+--------+--------+--------+--------+-----+--------+

Top non-repeatable levels by time:
       D: 373 daAuts
